Map: Heavy Artillery LE

Players

Diego - Winner!

  • Race: Terran Terran
  • League: Diamond
  • Spawn Location: 1:00

Myhrt - Winner!

  • Race: Zerg Zerg
  • League: Platinum
  • Spawn Location: 3:00

Massa

  • Race: Terran Terran
  • League: Platinum
  • Spawn Location: 7:00

qqq

  • Race: Zerg Zerg
  • League: Platinum
  • Spawn Location: 7:00

VOD

Have the link to the VOD?

Description

Time

  • Played on: Sept. 26, 2020, 8:55 a.m.
  • Length: 14:33
Show
View Real Time Build Order
Export as new Build Order

Diego Terran - Winner!

Build Orders: Mech 

Get SALT Encoding   

  12  0:00  SCV  
  13  0:12  SCV  
  14  0:17  Supply Depot  
  14  0:24  SCV  
  15  0:38  SCV  
  15  0:40  Barracks  
  16  0:50  SCV  
  17  0:57  Refinery  
  17  1:03  SCV  
  18  1:15  SCV  
  19  1:29  Marine, Supply Depot  
  20  1:34  Orbital Command  
  20  1:56  Barracks Reactor, Command Center  
  20  2:00  SCV  
  21  2:03  Marine  
  22  2:11  Factory  
  22  2:15  SCV  
  23  2:24  Marine  
  24  2:31  SCV  
  26  2:44  Refinery, SCV  
  26  2:46  Barracks Reactor  
  26  3:13  Factory Tech Lab  
  26  3:17  Starport, SCV  
  26  3:19  Orbital Command  
  27  3:29  Refinery, SCV, Marine x2  
  30  3:36  Siege Tank  
  33  3:42  SCV  
  33  3:47  Marine x2  
  36  3:52  SCV  
  36  3:54  SCV  
  38  4:02  Factory  
  38  4:04  SCV  
  38  4:06  SCV  
  40  4:10  Starport Reactor  
  40  4:12  Hellion  
  40  4:16  Refinery, SCV  
  43  4:17  Marine x2  
  43  4:18  SCV  
  43  4:23  Engineering Bay  
  46  4:32  Factory  
  46  4:52  Missile Turret, Supply Depot  
  46  4:56  Missile Turret  
  46  5:13  Viking x2  
  46  5:14  SCV, Siege Tank  
  54  5:20  Factory Tech Lab  
  54  5:30  Command Center  
  54  5:59  SCV  
  54  6:14  Missile Turret  
  54  6:15  Missile Turret  
  54  6:21  Missile Turret  
  54  6:22  Missile Turret  
  54  6:42  SCV x2, Hellion x3, Viking, Medivac, Siege Tank  
  69  6:56  SCV  
  69  6:57  SCV  
  64  7:08  SCV, Hellion x2  
  67  7:09  SCV  
  67  7:13  Siege Tank  
  69  7:23  Orbital Command  
  69  7:38  Infernal Pre-Igniter  
  69  7:41  Supply Depot  
  69  7:42  Supply Depot  
  69  8:03  SCV, Viking, Medivac, Siege Tank  
  69  8:04  SCV, Hellion x2, Siege Tank  
  85  8:10  Armory  
  85  8:15  Armory  
  85  8:17  Refinery  
  85  8:19  Refinery  
  85  8:31  Factory  
  85  8:32  Factory  
  85  9:00  Hellion  
  85  9:22  Factory Tech Lab, Factory Reactor  
  85  10:05  Hellion  
  85  10:06  SCV x2  
  85  10:09  Hellion  
  85  10:10  SCV, Hellion  
  85  10:11  Hellion  
  85  10:12  Siege Tank x2  
  83  10:14  Siege Tank  
  83  10:18  SCV x2  
  75  10:22  SCV  
  76  10:29  Hellion  
  76  10:30  SCV x2, Hellion  
  76  10:34  SCV  
  82  10:42  SCV x2  
  84  10:46  SCV  
  84  10:49  Hellion  
  85  10:51  Hellion  
  85  11:19  Medivac  
  85  11:20  Viking  
  85  11:48  Supply Depot  
  85  11:49  Supply Depot  
  85  11:51  Supply Depot  
  85  11:53  Supply Depot  
  85  12:00  Terran Vehicle And Ship Armor Level 1  
  85  12:01  Terran Vehicle Weapons Level 1  
  85  12:10  SCV, Viking x2, Siege Tank  
  85  12:11  SCV, Hellion x4, Siege Tank  
  85  12:13  SCV, Hellion x2, Siege Tank  
  109  12:35  Hellion  
  111  12:40  Viking x2  
  115  12:45  Hellion  
  117  12:51  Hellion  
  117  12:53  Siege Tank  
  116  13:11  Siege Tank  
  117  13:17  Hellion  
  117  13:42  Hellion  
  117  13:44  Siege Tank  
  117  14:10  Hellion  
  117  14:12  Hellion  
Show
View Real Time Build Order
Export as new Build Order

Myhrt Zerg - Winner!

Build Orders: Hatch First 

Get SALT Encoding   

  12  0:06  Drone  
  13  0:12  Overlord  
  13  0:17  Drone  
  14  0:31  Drone x2  
  16  0:39  Drone  
  17  0:58  Drone  
  18  1:04  Hatchery  
  16  1:16  Drone x2  
  18  1:25  Extractor  
  18  1:27  Drone  
  18  1:28  Spawning Pool  
  17  1:35  Drone  
  18  1:48  Drone  
  19  1:55  Overlord  
  19  2:15  Queen  
  21  2:16  Queen, Zergling x4  
  21  2:18  Drone  
  26  2:31  Hatchery  
  26  2:34  Drone  
  26  2:37  Zergling x2  
  27  2:42  Metabolic Boost  
  27  2:58  Zergling x4  
  27  3:14  Zergling x6  
  27  3:16  Drone  
  27  3:17  Drone x2  
  27  3:19  Queen  
  35  3:30  Overlord  
  35  3:31  Zergling x2  
  36  3:38  Overlord  
  36  3:46  Queen  
  36  3:48  Drone x3  
  39  3:49  Drone x2  
  42  3:58  Baneling Nest  
  42  4:01  Lair  
  41  4:10  Drone x2  
  41  4:12  Extractor, Drone x2  
  44  4:19  Drone x3  
  47  4:25  Drone x3  
  50  4:33  Extractor  
  50  4:34  Drone x3, Extractor  
  51  4:41  Spore Crawler  
  51  4:43  Drone x3  
  51  4:45  Drone  
  54  5:02  Drone  
  54  5:03  Drone x2  
  57  5:07  Overlord x2  
  57  5:13  Baneling x3  
  57  5:14  Baneling  
  57  5:19  Centrifical Hooks  
  57  5:20  Hydralisk Den  
  56  5:21  Drone  
  56  5:25  Queen  
  59  5:38  Drone x2  
  59  5:39  Drone x7  
  59  5:41  Overlord  
  68  5:55  Drone x5, Overlord  
  73  6:01  Drone  
  73  6:02  Drone x2  
  73  6:04  Evolution Chamber  
  75  6:06  Evolution Chamber  
  74  6:11  Hydralisk x3  
  80  6:19  Drone x2, Spore Crawler  
  80  6:20  Spore Crawler  
  80  6:21  Drone x3  
  80  6:23  Extractor  
  80  6:24  Zergling x2  
  80  6:25  Extractor  
  82  6:27  Overseer  
  82  6:50  Hydralisk  
  82  6:51  Hydralisk x2  
  82  6:52  Overlord x2  
  82  6:53  Overlord  
  88  6:59  Drone  
  89  7:02  Zerg Missile Weapons Level 1  
  89  7:04  Zerg Ground Armor Level 1  
  89  7:06  Overlord  
  89  7:10  Hydralisk x2, Zergling x2  
  89  7:11  Hydralisk x6, Zergling x4  
  108  7:18  Hydralisk  
  108  7:21  Grooved Spines  
  110  7:24  Overlord  
  110  7:25  Drone x3  
  113  7:32  Overseer  
  113  7:35  Drone x5  
  118  7:47  Hatchery  
  117  7:53  Zergling x8  
  117  7:54  Zergling x4  
  123  7:58  Overlord  
  123  8:01  Hydralisk x2  
  123  8:02  Zergling x4  
  123  8:03  Overseer  
  129  8:10  Baneling x3  
  129  8:12  Overlord x2  
  129  8:22  Zergling x6  
  129  8:23  Zergling x4  
  134  8:28  Infestation Pit  
  134  8:32  Muscular Augments  
  127  8:51  Hydralisk  
  127  8:52  Hydralisk x4, Zergling x8  
  127  8:53  Zergling x2  
  135  9:19  Hydralisk  
  135  9:20  Hydralisk x3, Zergling x8  
  145  9:41  Zergling x4  
  145  9:42  Zergling x2  
  145  9:43  Baneling x4  
  148  9:46  Hive  
  148  9:54  Spore Crawler  
  148  9:55  Spore Crawler  
  148  9:56  Drone  
  147  10:08  Drone x4  
  147  10:10  Overlord x5  
  136  10:56  Hydralisk x4, Zergling x4  
  136  10:57  Hydralisk x5, Zergling x14  
  143  10:58  Zergling x8  
  163  11:11  Zergling x4  
  163  11:12  Zergling x4  
  159  11:29  Baneling x3  
  159  11:30  Baneling x2  
  159  11:32  Zerg Ground Armor Level 2, Zerg Missile Weapons Level 2  
  159  11:36  Ultralisk Cavern  
  159  11:38  Adrenal Glands  
  158  11:41  Drone x4  
  158  11:42  Queen  
  158  11:44  Drone x3  
  158  11:45  Extractor, Drone, Overseer  
  158  11:46  Extractor  
  165  11:53  Hatchery  
  144  12:07  Hydralisk x5, Zergling x4, Viper  
  144  12:08  Zergling x8  
  117  12:31  Hydralisk x3, Zergling x2  
  117  12:32  Hydralisk, Zergling x10  
  125  12:40  Overlord x2  
  125  12:41  Pneumatized Carapace  
  120  12:47  Hydralisk, Zergling x2  
  120  12:48  Zergling x2  
  122  12:54  Hydralisk  
  122  12:55  Zergling x4  
  124  13:01  Drone  
  124  13:04  Hydralisk x3  
  131  13:07  Baneling x5  
  131  13:13  Hydralisk x3, Zergling x4, Overlord  
  139  13:22  Drone x2  
  139  13:23  Drone  
  139  13:26  Overseer  
  142  13:37  Baneling x3  
  142  13:38  Hydralisk x2  
  142  13:39  Hydralisk x4, Zergling x12  
  142  13:40  Zergling x2  
  159  14:13  Zergling x6  
  159  14:14  Overlord x2  
Show
View Real Time Build Order
Export as new Build Order

Massa Terran 

Build Orders: Gas First Reaper Expand 

Get SALT Encoding   

  12  0:00  SCV  
  13  0:12  SCV  
  14  0:23  Supply Depot  
  14  0:24  SCV  
  15  0:32  Refinery  
  15  0:45  SCV  
  15  0:46  Barracks  
  16  0:57  SCV  
  17  1:09  SCV  
  18  1:21  SCV  
  19  1:33  Orbital Command  
  19  1:35  Reaper  
  20  1:43  Command Center  
  20  2:03  Supply Depot  
  20  2:05  Factory  
  20  2:07  Marine  
  21  2:09  SCV  
  22  2:29  Barracks Reactor, Supply Depot  
  22  2:33  SCV  
  23  2:45  SCV  
  23  3:21  Orbital Command  
  23  3:25  Command Center  
  23  3:26  Starport, SCV  
  24  3:32  Engineering Bay  
  24  3:33  Engineering Bay  
  24  3:36  Barracks Tech Lab  
  24  3:38  SCV  
  25  3:41  Hellion  
  25  3:47  Hellion  
  29  3:50  SCV  
  30  3:56  SCV  
  31  4:03  SCV, Hellion  
  31  4:04  Missile Turret  
  31  4:08  SCV  
  35  4:10  Missile Turret  
  35  4:12  Starport Tech Lab  
  35  4:14  Marauder  
  35  4:15  SCV  
  38  4:18  Hellion  
  40  4:32  Medivac  
  40  4:34  Hellion  
  40  4:35  Marauder  
  46  4:39  Barracks, Hellion  
  46  4:45  Supply Depot  
  48  4:46  Missile Turret  
  48  4:51  Missile Turret  
  48  4:52  SCV  
  49  4:53  Refinery  
  49  4:56  SCV  
  49  4:57  SCV  
  51  5:03  Hellion  
  51  5:04  SCV  
  54  5:18  SCV x2  
  54  5:21  Orbital Command  
  56  5:24  Medivac  
  56  5:25  Marine  
  56  5:27  Stimpack  
  59  5:30  SCV x2  
  59  5:33  Missile Turret  
  61  5:36  Missile Turret  
  61  5:39  Missile Turret  
  61  5:43  Marine  
  56  6:03  Widow Mine x2  
  56  6:05  Marauder  
  56  6:07  SCV x3  
  61  6:14  Terran Infantry Weapons Level 1  
  61  6:19  Refinery  
  61  6:20  Refinery  
  61  6:26  Marauder  
  61  6:27  SCV  
  61  6:28  SCV  
  65  6:39  SCV, Barracks  
  66  6:40  SCV  
  66  6:41  Orbital Command  
  66  6:44  Barracks  
  66  6:45  Barracks Reactor  
  67  6:47  Terran Infantry Armor Level 1, Marauder  
  67  6:52  SCV x2  
  71  7:03  Widow Mine x2  
  71  7:04  SCV  
  71  7:06  Concussive Shells  
  76  7:15  SCV  
  77  7:19  Missile Turret  
  77  7:20  Missile Turret  
  77  7:21  Supply Depot  
  77  7:23  Supply Depot  
  77  7:31  Supply Depot x2  
  77  7:32  Supply Depot x2  
  77  7:33  Barracks Reactor  
  77  7:40  Barracks Reactor  
  77  7:43  SCV x3, Marauder, Marine x2, Missile Turret x2  
  84  7:55  SCV x3  
  84  7:56  Supply Depot  
  87  8:05  Marauder, Missile Turret  
  89  8:07  SCV  
  89  8:12  Marine x4  
  93  8:14  Combat Shield  
  94  8:20  Widow Mine x2  
  94  8:25  Factory  
  94  8:26  Marauder  
  100  8:28  Factory  
  100  8:30  Marine x4  
  100  8:34  Armory  
  104  8:37  Armory  
  104  8:41  Widow Mine  
  104  8:42  Widow Mine  
  104  8:47  Marauder, Marine  
  111  9:09  Marauder  
  111  9:10  Factory Tech Lab  
  109  9:21  Marine x3  
  109  9:22  Marine x3  
  115  9:24  Widow Mine  
  115  9:25  Widow Mine  
  115  9:28  Factory Tech Lab  
  115  9:29  Terran Vehicle Weapons Level 1  
  115  9:30  Terran Infantry Weapons Level 2, Marauder, Terran Vehicle And Ship Armor Level 1  
  119  9:39  Marine x6  
  125  9:46  Widow Mine x2, Siege Tank  
  132  9:53  Marauder  
  132  9:57  Marine  
  132  9:58  Marine x2  
  133  10:02  Supply Depot x2  
  133  10:05  Supply Depot  
  133  10:06  Marine x2, Supply Depot  
  133  10:10  Raven, Marine  
  133  10:11  Siege Tank  
  117  10:14  Marauder, Marine  
  117  10:15  Marine x2  
  96  10:24  Marine x2  
  96  10:28  Marine  
  89  10:32  Marine  
  89  10:33  Marine x2  
  84  10:42  Widow Mine, Marine  
  84  10:45  Marine  
  83  10:51  Widow Mine, Marine x2  
  83  10:52  Siege Tank x2  
  74  11:04  Command Center  
  68  11:14  Marine x2  
  61  11:24  Siege Tank x2  
  61  11:25  Barracks  
  51  11:27  Barracks x2  
  51  11:29  Barracks  
  51  11:31  Barracks  
  42  11:43  Terran Vehicle And Ship Armor Level 2  
  42  11:56  Siege Tank  
  39  12:06  Siege Tank  
  39  12:20  Marine  
  39  12:21  Marine x4  
  41  12:26  SCV  
  35  12:38  SCV, Marine  
  35  12:39  Marine x4  
  41  12:50  SCV  
  42  12:56  Marine  
  42  12:57  Marine x4  
  43  13:02  SCV  
  44  13:14  SCV, Marine x5  
  44  13:15  Command Center  
  50  13:26  SCV  
  51  13:30  Bunker  
  51  13:31  Bunker  
  51  13:32  Marine x5  
  56  13:50  Marine  
  56  13:54  Marine x4  
  61  14:07  Marine  
  62  14:12  Marine x3  
Show
View Real Time Build Order
Export as new Build Order

qqq Zerg 

Build Orders: Hatch First, Lurkers, Swarm Host 

Get SALT Encoding   

  12  0:01  Drone  
  13  0:08  Drone  
  14  0:36  Hatchery  
  13  0:44  Drone  
  14  0:57  Spawning Pool  
  13  1:09  Drone  
  14  1:12  Extractor  
  13  1:19  Overlord  
  13  1:20  Drone  
  14  1:38  Drone x2  
  16  1:44  Extractor  
  16  1:45  Drone  
  16  1:52  Drone  
  16  1:54  Queen  
  17  2:00  Drone  
  20  2:02  Drone  
  20  2:06  Drone  
  22  2:13  Drone  
  23  2:15  Drone  
  24  2:28  Zergling x2  
  26  2:30  Drone  
  26  2:33  Lair  
  26  2:35  Drone  
  28  2:37  Zergling x2  
  28  2:46  Overlord  
  28  3:05  Drone  
  29  3:06  Zergling x2  
  29  3:08  Drone x2  
  29  3:10  Drone  
  33  3:13  Hatchery  
  33  3:14  Drone, Extractor  
  33  3:17  Drone  
  33  3:19  Drone  
  34  3:25  Drone  
  35  3:31  Drone  
  36  3:41  Overlord x2  
  34  3:54  Zergling x4  
  34  3:55  Overlord  
  36  4:06  Infestation Pit  
  36  4:08  Nydus Network  
  36  4:09  Pneumatized Carapace  
  34  4:13  Drone  
  34  4:14  Drone x2  
  34  4:15  Drone  
  38  4:21  Spore Crawler  
  38  4:23  Spore Crawler  
  36  4:26  Drone  
  36  4:28  Drone x2  
  36  4:31  Overseer  
  39  4:33  Zergling x2  
  40  4:38  Zergling x2  
  40  4:39  Drone x2, Hydralisk Den  
  40  4:43  Queen  
  44  4:46  Drone  
  44  4:47  Drone  
  44  4:49  Zergling x2  
  44  4:51  Swarm Host  
  50  4:59  Overlord  
  50  5:11  Drone x3  
  50  5:12  Drone, Hydralisk  
  50  5:13  Swarm Host  
  59  5:32  Hydralisk  
  61  5:37  Overlord x2  
  61  5:38  Overlord  
  61  5:40  Drone x3  
  61  5:41  Drone x2  
  66  5:55  Swarm Host  
  69  5:57  Swarm Host  
  72  6:18  Nydus Canal  
  72  6:20  Drone x6  
  72  6:24  Extractor x2  
  76  6:27  Swarm Host  
  79  6:37  Drone x2, Swarm Host  
  84  6:40  Zergling x2  
  85  7:12  Hatchery  
  85  7:14  Hatchery, Swarm Host x2  
  89  7:16  Drone  
  89  7:18  Overlord  
  89  7:19  Overlord x5  
  90  7:24  Hatchery  
  89  7:30  Nydus Canal  
  89  7:37  Hydralisk x2  
  89  7:43  Extractor  
  92  7:59  Drone x6  
  98  8:08  Hydralisk x2  
  102  8:19  Lurker Den, Evolution Chamber x2, Muscular Augments  
  99  8:21  Zergling x8  
  103  8:28  Nydus Canal  
  103  8:29  Hatchery  
  102  8:41  Drone x3  
  102  8:44  Extractor  
  103  8:57  Hatchery  
  91  9:10  Hydralisk x3, Zergling x6  
  91  9:12  Drone x5  
  91  9:13  Drone x2  
  91  9:17  Drone x5  
  108  9:22  Hydralisk  
  113  9:40  Nydus Canal  
  113  9:42  Drone x2, Zergling x6  
  113  9:43  Zergling x4  
  120  9:49  Hydralisk x2  
  120  9:50  Zergling x6  
  120  9:51  Drone  
  120  9:52  Drone x4  
  115  10:17  Zergling x10  
  117  10:21  Swarm Host  
  117  10:24  Hydralisk x2  
  119  10:28  Lurker x2  
  119  10:33  Spine Crawler x2  
  118  10:38  Overlord x2  
  118  10:39  Overlord x6  
  118  10:40  Overlord x3  
  107  10:47  Hydralisk  
  88  11:15  Hydralisk x6  
  88  11:17  Hydralisk x3  
  88  11:18  Zergling x10  
  105  11:19  Zergling x2  
  105  11:21  Lurker  
  109  11:26  Hydralisk  
  109  11:27  Hydralisk  
  109  11:30  Drone x3  
  116  11:52  Hydralisk x3  
  116  11:53  Hydralisk  
  124  11:55  Lurker x4  
  124  11:56  Lurker  
  103  12:40  Drone, Hydralisk x2  
  103  12:41  Drone, Hydralisk x5  
  103  12:42  Hydralisk x4  
  103  12:43  Hydralisk x2  
  128  12:50  Lurker x3  
  128  13:00  Hatchery  
  121  13:12  Nydus Canal  
  116  13:16  Hatchery  
  115  13:20  Lurker x2  
  115  13:23  Lurker  
  115  13:26  Zergling x12  
  123  13:28  Extractor  
  123  13:29  Extractor  
  81  14:01  Nydus Canal  
  78  14:04  Hydralisk x6  
  78  14:06  Drone x3  
  78  14:09  Hydralisk x2  
  87  14:11  Spine Crawler  
  87  14:13  Spine Crawler x2  
  87  14:14  Spine Crawler x2  
  87  14:15  Spine Crawler  
  79  14:25  Lurker x2  
Tags
 
Add a new tag
Caveats
  • Supply blocks, unpowered buildings, or Contaminate may cause inaccurate times.
  • Supply counts are checked every 10 seconds.